 Dungeon Crawl Stone Soup version 0.31.0-32-g396128a36d (webtiles) character file.

Game seed: 17535652002445643590

358 PaiMei the Grave Robber (level 6, -4/41 HPs)
             Began as a Demonspawn Necromancer on Mar 27, 2024.
             Frozen to death by an endoplasm (5 damage)
             ... on level 4 of the Dungeon.
             The game lasted 00:05:15 (4201 turns).

PaiMei the Grave Robber (Demonspawn Necromancer)    Turns: 4201, Time: 00:05:16

Health: -4/41      AC:  6    Str:  8    XL:     6   Next: 37%
Magic:  1/11       EV: 13    Int: 17    God:
Gold:   184        SH:  0    Dex: 14    Spells: 4/12 levels left

rFire   . . .        c - +2 dagger (drain)
rCold   . . .        (no shield)
rNeg    . . .        a - +0 robe
rPois   .            (no helmet)
rElec   .            (no cloak)
rCorr   .            (no gloves)
SInv    .            (no boots)
Will    .....        (no amulet)
Stlth   ++           f - +4 ring of protection
HPRegen 0.26/turn    (no ring)
MPRegen 0.12/turn

%: no passive effects
@: no status effects
A: foul stench 1, demonic magic 2
a: no special abilities


You were on level 4 of the Dungeon.
You visited 1 branch of the dungeon, and saw 4 of its levels.

You collected 184 gold pieces.

Inventory:

Hand Weapons
 c - a +2 dagger of draining (weapon)
 m - a +2 dagger of speed
 o - a +1 dagger of venom
Missiles
 k - 6 curare-tipped darts (quivered)
 u - 5 poisoned darts
Armour
 a - a +0 robe (worn)
 n - the +1 helmet "Napnypne" {rPois rF- Dex+2}
   (You took it off Robin on level 2 of the Dungeon)

   Dex+2:     It affects your dexterity (+2).
   rF-:       It makes you vulnerable to fire.
   rPois:     It protects you from poison
 r - a +0 scale mail of poison resistance
 s - an orb of light
Jewellery
 f - a +4 ring of protection (left hand)
Wands
 p - a wand of digging (1)
 q - a wand of iceblast (1)
Scrolls
 e - a scroll of revelation {unknown}
 g - a scroll of immolation {unknown}
 i - 2 scrolls of teleportation {unknown}
 l - 3 scrolls of fog {unknown}
 t - a scroll of identify {unknown}
 v - a scroll of enchant weapon {unknown}
Potions
 b - 3 potions of magic
 d - a potion of resistance {unknown}
 h - a potion of cancellation {unknown}
 j - a potion of lignification {unknown}


   Skills:
 + Level 3.4 Dodging
 + Level 3.6 Stealth
 + Level 3.5 Spellcasting
 + Level 5.6 Necromancy


You had 4 spell levels left.
You knew the following spells:

 Your Spells              Type           Power      Damage    Failure   Level
a - Necrotise             Necr           88%        1d8       1%          1
b - Vampiric Draining     Necr           22%        2d7       4%          3
c - Animate Dead          Necr           22%        N/A       16%         4

Your spell library contained the following spells:

 Spells                   Type           Power      Damage    Failure   Level
 Blink                    Tloc           6%         N/A       26%         2
 Lesser Beckoning         Tloc           6%         N/A       26%         2
 Momentum Strike          Conj/Tloc      6%         3d8       26%         2
 Hailstorm                Conj/Ice       3%         3d5       45%         3
 Ozocubu's Armour         Ice            3%         N/A       45%         3
 Summon Ice Beast         Ice/Summ       3%         N/A       45%         3
 Curse of Agony           Necr           22%        N/A       41%         5
 Metabolic Englaciation   Hex/Ice        1%         N/A       99%         5
 Summon Forest            Summ/Tloc      1%         N/A       99%         5
 Eringya's Noxious Bog    Alch           1%         4d6       100%        6
 Sculpt Simulacrum        Ice/Alch       1%         N/A       100%        6
 Summon Hydra             Summ           1%         N/A       100%        7


Dungeon Overview and Level Annotations

Branches:
Dungeon (4/15)
 Temple: D:4-7

Altars:
Gozag
Makhleb


Innate Abilities, Weirdness & Mutations

You may rarely emit foul miasma when damaged in melee.
Spells you cast may paralyse nearby enemies.


Message History

You don't have enough magic to cast this spell.
Casting: Vampiric Draining (dangerous; 4% risk of failure)
Confirm with . or Enter, or press ? or * to list all spells.
You don't have enough magic to cast this spell.
Your attacks no longer feel as feeble.
There is an open door, spattered with blood here.
Casting: Vampiric Draining (dangerous; 4% risk of failure)
Confirm with . or Enter, or press ? or * to list all spells.
Aiming: Necrotise (safe; 1% risk of failure)
Press: ? - help, Shift-Dir - straight line, f - gnoll bouda
Aim: a gnoll bouda, wielding a +0 club and wearing a +0 robe (heavily wounded, heavily drained, chance to affect: 85%)
The gnoll bouda barely resists.
Malevolent energies surge around you.
The endoplasm suddenly stops moving!
The gnoll bouda hits you with a +0 club.
* * * LOW HITPOINT WARNING * * *
Casting: Necrotise (safe; 1% risk of failure)
Confirm with . or Enter, or press ? or * to list all spells.
Aiming: Necrotise (safe; 1% risk of failure)
Press: ? - help, Shift-Dir - straight line, f/p - gnoll bouda
Aim: a gnoll bouda, wielding a +0 club and wearing a +0 robe (heavily wounded, heavily drained, chance to affect: 85%)
The gnoll bouda writhes in agony.
Malevolent energies surge around you.
The gnoll bouda hits you with a +0 club.
* * * LOW HITPOINT WARNING * * *
You emit a cloud of foul miasma!
You hit the gnoll bouda.
The gnoll bouda is almost dead.
The gnoll bouda is engulfed in dark miasma.
The gnoll bouda is poisoned.
You kill the gnoll bouda!
The endoplasm is no longer paralysed.
The endoplasm freezes you.
You are frozen.
* * * LOW HITPOINT WARNING * * *
Things that are here:
a +0 club; a +0 robe You hit the endoplasm.
The endoplasm is severely wounded.
The endoplasm freezes you.
You are frozen.
You die... .....###..PPP.
P..~~~.. ♣P........PP... .P.~~~..
P. ♣P.............
P..~8~..
P.♣♣.............
P..~~~..
P..♣.............
P.......
P.............♣#+# PPPPPP..

P..PP.........##.##PP ...........
. ♣.)....)...+.J.+.PP...........
PP♣♣..........##@##PP............
....P.........♣#'#♣.PP...PPPPPPP.
.................................
.................................
#####...........>....##.#........
#................##..........
####....†..........#.........
####.........#............
#..##...................


You could see an endoplasm.

Vanquished Creatures
  A howler monkey (D:4)
  2 bombardier beetles
  A hound (D:4)
  A gnoll bouda (D:4)
  Natasha (thrice) (D:2)
  Robin (D:2)
  A ribbon worm (D:3)
  3 dart slugs
  An orc (D:3)
  9 ball pythons
  10 bats
  4 endoplasms
  3 giant cockroaches (D:3)
  20 goblins
  8 hobgoblins
  2 jackals (D:1)
  5 quokkas
  5 frilled lizards
  8 kobolds
  6 rats
94 creatures vanquished.

Vanquished Creatures (collateral kills)
  A jackal (D:1)
  A rat (D:2)
2 creatures vanquished.

Grand Total: 96 creatures vanquished

Notes
Turn   | Place    | Note
-------+----------+-------------------------------------------
     0 | D:1      | PaiMei the Demonspawn Necromancer began the quest for the
                  | Orb.
     0 | D:1      | Reached XP level 1. HP: 13/13 MP: 3/3
   257 | D:1      | Gained mutation: Spells you cast may paralyse adjacent
                  | enemies. [demonic ancestry]
   257 | D:1      | Reached XP level 2. HP: 19/19 MP: 3/5
   321 | D:1      | Found a faded altar of an unknown god.
   743 | D:1      | Gained mutation: You may rarely emit foul miasma when
                  | damaged in melee. [demonic ancestry]
   743 | D:1      | Reached XP level 3. HP: 24/24 MP: 3/6
   747 | D:1      | Learned a level 3 spell: Vampiric Draining
  1516 | D:2      | Identified the +1 helmet "Napnypne" {rPois rF- Dex+2}
  1516 | D:2      | Noticed Robin
  2061 | D:2      | Killed Robin
  2062 | D:2      | Reached XP level 4. HP: 25/30 MP: 1/8
  2150 | D:2      | Noticed Natasha
  2155 | D:2      | Killed Natasha
  2156 | D:2      | Reached skill level 5 in Necromancy
  2240 | D:2      | Noticed Natasha
  2246 | D:2      | Killed Natasha
  2301 | D:2      | Noticed Natasha
  2310 | D:2      | Killed Natasha
  2311 | D:2      | Reached XP level 5. HP: 30/35 MP: 2/9
  2846 | D:3      | Found an opulent altar of Gozag.
  3645 | D:3      | Found a burning altar of Makhleb.
  3918 | D:4      | Noticed a phantom
  3938 | D:4      | Learned a level 4 spell: Animate Dead
  4183 | D:4      | Gained mutation: Spells you cast may paralyse nearby
                  | enemies. [demonic ancestry]
  4183 | D:4      | Reached XP level 6. HP: 41/41 MP: 7/11
  4198 | D:4      | HP: 2/41 [gnoll bouda/+0 club (5)]
  4201 | D:4      | Frozen to death by an endoplasm

Illustrated notes

Levels and vault maps discovered:
D:1:      tarquinn_simple_flora_water_b, layout_loops_ring,
          hellmonk_ecumenical_altar_crossroads, serial_forest,
          infiniplex_forest_end_double, infiniplex_forest_clump_medium,
          infiniplex_forest_pool, infiniplex_forest_lined_2,
          infiniplex_forest_lined_3, infiniplex_forest_side_room,
          minmay_distorted
D:2:      layout_basic, basic_altar, uniq_robin, uniq_natasha
D:3:      layout_loops_corners, pdpol_temple_overflow_zin_treasury_gozag_greed,
          nicolae_overflow_hidden_temple, tso_metal_star, minivault_27
D:4:      layout_cave_pods, lemuel_crystal_altar, serial_park, serial_park_paths
          [serial_park_minivault_5x5_3], serial_park_square1
          [serial_park_minivault_5x5_1], serial_park_square1
          [serial_park_minivault_5x5_2], serial_park_square1
          [serial_park_minivault_5x5_6]

Skill      XL: |  1  2  3  4  5 |
---------------+----------------+-----
Stealth        | 2 3 |  3.6
Dodging        | 2 3 |  3.4
Necromancy     | 5 |  5.6
Spellcasting   | 3 |  3.5

Action                     |  1- 3 |  4- 6 || total
---------------------------+-------+-------++-------
  Melee: Unarmed           |     9 |       ||     9
         Dagger            |    90 |    32 ||   122
         Punch             |     1 |       ||     1
   Cast: Necrotise         |    84 |    50 ||   134
         Vampiric Draining |       |     9 ||     9
   Stab: Sleeping          |     1 |       ||     1
         Paralysed         |       |     6 ||     6
 Armour: Robe              |    26 |    25 ||    51
  Dodge: Dodged            |    32 |    18 ||    50
